 Dungeon Crawl Stone Soup version 0.25.1-2-g60ff931df9 (webtiles) character file.

Game seed: 7906174838980517839

125 lepoulpe303 the Shooter (level 4, -3/35 HPs)
             Began as a Draconian Hunter on Sept 30, 2020.
             Was an Initiate of Hepliaklqana.
             Slain by a leopard gecko (5 damage)
             ... on level 3 of the Dungeon.
             The game lasted 00:08:16 (2950 turns).

lepoulpe303 the Shooter (Draconian Hunter)          Turns: 2950, Time: 00:08:16

Health: -3/35      AC:  6    Str: 15    XL:     4   Next: 82%
Magic:  9/13       EV: 12    Int: 12    God:    Hepliaklqana [......]
Gold:   106        SH:  0    Dex: 11    Spells: 3/3 levels left

rFire    . . .     SeeInvis .   b - +0 short sword
rCold    . . .     Gourm    .   (no shield)
rNeg     . . .     Faith    .   (armour unavailable)
rPois    .         Spirit   .   (helmet restricted)
rElec    .         Reflect  .   (no cloak)
rCorr    .         Harm     .   (no gloves)
MR       .....                  r - +0 pair of boots
Stlth    ++........             (no amulet)
HPRegen  0.11/turn              o - ring of magical power {MP+9}
MPRegen  0.13/turn              (no ring)

@: no status effects
A: unfitting armour, reduced essence, cold-blooded, AC +5
a: Recall Ancestor, Ancestor Identity, Renounce Religion


You were on level 3 of the Dungeon.
You worshipped Hepliaklqana.
Hepliaklqana was noncommittal.
You were not hungry.

You visited 1 branch of the dungeon, and saw 4 of its levels.

You collected 106 gold pieces.

Inventory:

Hand Weapons
 a - a +3 shortbow
 b - a +0 short sword (weapon)
Missiles
 Q - 50 arrows
Armour
 r - a +0 pair of boots (worn)
Jewellery
 o - a ring of magical power (left hand) {MP+9}
Scrolls
 g - 3 scrolls of amnesia {unknown}
 h - a scroll of fog {unknown}
 i - 2 scrolls of identify
 j - a scroll of enchant armour {unknown}
 k - 2 scrolls of magic mapping {!r}
 l - a scroll of blinking {unknown}
 t - 3 scrolls of teleportation {unknown}
 u - 2 scrolls of enchant weapon
 w - 4 scrolls of remove curse
Potions
 c - a potion of resistance {unknown}
 d - 2 potions of degeneration {!q}
 f - a potion of flight {unknown}
 m - 2 potions of berserk rage {!q}
 n - a potion of mutation {unknown}
 p - 2 potions of heal wounds {unknown}
 q - 5 potions of curing
 v - a potion of ambrosia {unknown}
Comestibles
 e - 5 rations
 s - a chunk of flesh


   Skills:
 * Level 3.6 Fighting
 * Level 4.3 Bows
 + Level 2.4 Dodging
 + Level 2.0 Stealth
 + Level 0.7 Invocations


You had 3 spell levels left.
You didn't know any spells.
Your spell library was empty.

Dungeon Overview and Level Annotations

Branches:
Dungeon (4/15)
 Temple: D:4-7

Altars:
Gozag
Hepliaklqana
Kikubaaqudgha
Zin


Innate Abilities, Weirdness & Mutations

Your plain brown scales are hard. (AC +5)
You cannot fit into any form of body armour.
You are cold-blooded and may be slowed by cold attacks.
Your life essence is reduced to manifest your ancestor. (-10% HP)


Message History

You take 13 damage, and have 11/34 hp.
MASSIVE DAMAGE!!
You hit the iguana but do no damage.
You tail-slap the iguana, but do no damage.
The leopard gecko bites you but does no damage.
The leopard gecko barely misses you. The iguana closely misses you.
You closely miss the iguana.
The leopard gecko bites you but does no damage.
The iguana bites you!
* * * LOW HITPOINT WARNING * * *
You take 10 damage, and have 1/34 hp.
MASSIVE DAMAGE!!
You closely miss the iguana. The leopard gecko barely misses you.
The iguana barely misses you.
You hit the iguana.
You kill the iguana!
Your Stealth skill increases to level 2!
The leopard gecko completely misses you.
The leopard gecko bites you.
You die...

#.#####.#.......#######.........#
#.# #.####....## ##[#........ ..#
#.# ##.#<.## ##.##.#####.. .##
#.#####.....###.^.......... .#
####.......................... .#
#............##.##...#.###.##. .#
#.##....##.####.##.....# #.#.. .#
#.#..##.##.####.##....## #.#.# .#
#....##.##..l@#.##....# #....
.###.#.#.#.##.##>#.##[...# #....
.......##..##............#####...
##(#.#............[###...........
#....#...........######..........
#.รท####.##.####..........######..
#.#.###.#.## ##.######### #..
#.##.##..## #.##############..
#.###...## #.##...(......(...


You could see a leopard gecko.

Levels and vault maps discovered:
D:1:      evilmike_arrival_fibonacci_small, layout_loops_ring,
          minmay_pentomino_q4
D:2:      layout_rooms, gammafunk_temple_overflow_statue,
          overflow_temple_1_default, lemuel_round_altar,
          kennysheep_big_empty_room, serial_bayou_lagoon_a
D:3:      layout_loops_ring, first_ration
D:4:      layout_rooms

Notes
Turn   | Place    | Note
-------+----------+-------------------------------------------
     0 | D:1      | lepoulpe303 the Draconian Hunter began the quest for the
                  | Orb.
     0 | D:1      | Reached XP level 1. HP: 17/17 MP: 1/1
     0 | D:1      | Identified a +0 short sword
   108 | D:1      | Reached skill level 1 in Stealth
   121 | D:1      | Reached XP level 2. HP: 18/25 MP: 2/2
   298 | D:1      | Identified a +0 dagger
   411 | D:1      | Identified a +0 club
   430 | D:1      | Identified a +0 club
   439 | D:1      | HP: 5/25 [hobgoblin/+0 club (4)]
   545 | D:1      | Identified a +1 shortbow
   753 | D:1      | Identified a +0 short sword
   757 | D:1      | Reached skill level 2 in Dodging
  1074 | D:1      | Identified a +0 pair of boots (You found it on level 1 of
                  | the Dungeon)
  1084 | D:2      | Identified a +0 club
  1085 | D:2      | Identified a +0 club
  1214 | D:2      | Reached XP level 3. HP: 30/30 MP: 3/3
  1368 | D:2      | Reached skill level 3 in Fighting
  1368 | D:2      | Reached skill level 4 in Bows
  1441 | D:2      | Identified a +0 short sword
  1528 | D:2      | Found an opulent altar of Gozag.
  1701 | D:2      | Found a hazy altar of Hepliaklqana.
  1709 | D:2      | Became a worshipper of Hepliaklqana the Forgotten
  1829 | D:2      | Found an ancient bone altar of Kikubaaqudgha.
  1829 | D:2      | Found a glowing silver altar of Zin.
  2018 | D:2      | Identified 4 scrolls of enchant weapon
  2020 | D:2      | Identified 3 scrolls of magic mapping
  2091 | D:3      | Identified 4 potions of curing
  2097 | D:3      | Reached XP level 4. HP: 22/34 MP: 4/4
  2246 | D:3      | Identified a +0 dagger
  2911 | D:3      | Identified 5 scrolls of remove curse
  2912 | D:3      | Identified a ring of magical power (You found it on level 1
                  | of the Dungeon)
  2913 | D:3      | Identified 4 scrolls of identify
  2913 | D:3      | Identified 2 potions of degeneration
  2914 | D:3      | Identified 2 potions of berserk rage
  2948 | D:3      | HP: 1/34 [iguana (10)]
  2950 | D:3      | Reached skill level 2 in Stealth
  2950 | D:3      | Slain by a leopard gecko

Table legend:
 A = Turns spent in this place as a percentage of turns spent in the entire game.
 B = Non-inter-level travel turns spent in this place as a percentage of non-inter-level travel turns spent in the entire game.
 C = Inter-level travel turns spent in this place as a percentage of turns spent in this place.
 D = Turns resting spent in this place as a percentage of non-inter-level travel turns spent in this place.
 E = Turns spent auto-exploring this place as a percentage of non-inter-level travel turns spent in this place.
 F = Non-inter-level travel turns spent in this place divided by the number of levels of this place that you've seen.
                   A       B       C       D       E      F
               +-------+-------+-------+-------+-------+----------------------
         Total | 100.0 | 100.0 |   2.5 |  17.3 |  61.9 | 719.2
       Dungeon | 100.0 | 100.0 |   2.5 |  17.3 |  61.9 | 719.2
               +-------+-------+-------+-------+-------+----------------------

Table legend:
 A = Kills in this place as a percentage of kills in entire the game.
 B = Kills by you in this place as a percentage of kills by you in the entire game.
 C = Kills by friends in this place as a percentage of kills by friends in the entire game.
 D = Other kills in this place as a percentage of other kills in the entire game.
 E = Experience gained in this place as a percentage of experience gained in the entire game.
 F = Experience gained in this place divided by the number of levels of this place that you have seen.
                   A       B       C       D       E      F
               +-------+-------+-------+-------+-------+----------------------
         Total | 100.0 | 100.0 |   N/A |   N/A | 100.0 |  44.8
       Dungeon | 100.0 | 100.0 |   N/A |   N/A | 100.0 |  44.8
               +-------+-------+-------+-------+-------+----------------------

Skill      XL: |  1  2  3  4 |
---------------+-------------+-----
Stealth        | 1 2 |  2.0
Dodging        | 2 |  2.4
Fighting       | 3 |  3.6
Bows           | 4 |  4.3
Invocations    | |  0.7

Action                   |  1- 3 |  4- 6 || total
-------------------------+-------+-------++-------
Melee: Short sword       |   191 |    26 ||   217
       Tailslap          |    17 |     2 ||    19
 Fire: Shortbow          |    35 |    13 ||    48
  Use: Scroll            |     3 |     3 ||     6
       Potion            |     1 |       ||     1
 Stab: Sleeping          |     1 |       ||     1
  Eat: Chunk             |     3 |       ||     3
       Ration            |       |     1 ||     1
Armor: Skin              |    26 |    10 ||    36
Dodge: Dodged            |    66 |    20 ||    86

Vanquished Creatures
  An iguana (D:3)
  5 adders
  4 worms (D:2)
  2 dart slugs
  A leopard gecko (D:2)
  A ball python (D:2)
  A giant cockroach (D:1)
  6 goblins
  4 hobgoblins
  A jackal (D:1)
  6 kobolds
  A quokka (D:2)
  3 bats (D:1)
  3 frilled lizards (D:2)
  A rat (D:3)
40 creatures vanquished.

Vanquished Creatures (collateral kills)
  2 plants (D:2)
2 creatures vanquished.

Grand Total: 42 creatures vanquished
